AoeStats
← LyftSjälar

Glade

510307334Analyzed
1v1 RM · 12h ago on Sep 30, 2026· 35m 34s· 2 players
Game mode
Random Map
Map size
Tiny (2 player)
Population
200
Speed
Normal
Resources
Standard
Victory
Conquest
Starting age
Dark Age
Ending age
Imperial Age
RankedLock teamsTeams togetherTeam positionsShared explorationLock speedFull tech treeHidden civsTurbo modeCheats
Victory
Defeat
🇨🇴 Danes · Colombia
917
+17
🇸🇪 Franks · Sweden
939
-17
leanrevolver
8:35 Loom
11:01 Feudal Age
12:56 Feudal Age
13:41 Double-Bit Axe
16:37 Castle Age
17:55 Bow Saw
17:26 Horse Collar
25:50 Wheelbarrow
30:54 Imperial Age
28:57 Masonry
29:27 Gold Mining
29:39 Heavy Plow
30:24 Hand Cart
30:28 Padded Archer Armor
31:16 Thumb Ring
32:39 Conscription
32:40 Fletching
33:13 Leather Archer Armor
33:54 Siege Engineers
34:52 Cranequins
36:28 Ring Archer Armor
35:57 Bodkin Arrow
LyftSjälar
5:20 Loom
10:22 Feudal Age
16:33 Castle Age
14:54 Double-Bit Axe
18:57 Masonry
18:58 Fortified Wall
19:09 Fletching
19:22 Stone Mining
19:40 Gold Mining
20:44 Bodkin Arrow
22:10 Forging
24:01 Scale Mail Armor
24:24 Ballistics
25:12 Murder Holes
32:42 Imperial Age
31:39 Wheelbarrow
30:50 Town Watch
31:26 Chain Mail Armor
31:08 Gambesons
31:24 Squires
32:41 Hand Cart
33:21 Iron Casting
34:28 Chemistry
34:48 Architecture
34:58 Padded Archer Armor
Connection lost

Rejoining the realm…

Still unreachable

The connection could not be restored.

Session expired

The server has moved on; the page needs a fresh start.